 Dungeon Crawl Stone Soup version 0.29-a0-994-gc5c9f59d18 (webtiles) character file.

Game seed: 13543173507278728425

396 Nato the Chiller (level 6, 0/45 HPs)
             Began as a Demigod Ice Elementalist on Aug 3, 2022.
             Killed by nerve-wracking pain
             ... invoked by Grinder
              (12 damage)
             ... on level 4 of the Dungeon.
             The game lasted 00:11:57 (4754 turns).

Nato the Chiller (Demigod Ice Elementalist)         Turns: 4754, Time: 00:11:57

Health: 0/45       AC: 10    Str: 15    XL:     6   Next: 27%
Magic:  0/15       EV: 12    Int: 25    God:
Gold:   68         SH:  0    Dex: 14    Spells: 6/13 levels left

rFire   . . .      SeeInvis .   t - +3 whip
rCold   . . .      Faith    .   (no shield)
rNeg    . . .      Spirit   .   q - +2 robe
rPois   .          Reflect  .   i - +0 helmet
rElec   .          Harm     .   (no cloak)
rCorr   .          Rampage  .   h - +0 pair of gloves
Will    .....                   (no boots)
Stlth   ++........              (no amulet)
HPRegen 0.15/turn               n - +6 ring of strength
MPRegen 0.14/turn               p - +4 ring of protection

@: freezing walls
A: high MP 1, forlorn, divine attributes
a: no special abilities


You were on level 4 of the Dungeon.
You visited 1 branch of the dungeon, and saw 4 of its levels.

You collected 134 gold pieces.
You spent 66 gold pieces at shops.

Inventory:

Hand Weapons
 l - a +4 short sword
 t - a +3 whip (weapon)
Missiles
 j - 10 javelins (quivered)
Armour
 h - a +0 pair of gloves (worn)
 i - a +0 helmet (worn)
 q - a +2 robe (worn)
 s - a +0 leather armour of willpower
Magical Staves
 m - a staff of death
Jewellery
 n - a +6 ring of strength (left hand)
 o - a ring of see invisible
 p - a +4 ring of protection (right hand)
Wands
 k - a wand of flame (8)
Scrolls
 d - 3 scrolls of teleportation
 e - a scroll of enchant armour {unknown}
 r - 2 scrolls of identify {unknown}
 u - a scroll of fear {unknown}
Potions
 a - 2 potions of lignification {unknown}
 b - a potion of magic
 c - a potion of heal wounds {unknown}
 f - a potion of might {unknown}
 g - 3 potions of curing {unknown}


   Skills:
 - Level 1.7 Dodging
 - Level 1.7 Stealth
 - Level 4.0 Spellcasting
 + Level 6.0 Ice Magic


You had 6 spell levels left.
You knew the following spells:

 Your Spells              Type           Power      Damage    Failure   Level
a - Freeze                Ice            100%       1d11      1%          1
b - Frozen Ramparts       Ice            70%        1d15      2%          3
c - Ozocubu's Armour      Ice            35%        N/A       2%          3

Your spell library contained the following spells:

 Spells                   Type           Power      Damage    Failure   Level
 Gell's Gravitas          Tloc           5%         N/A       26%         3
 Portal Projectile        Hex/Tloc       10%        N/A       26%         3
 Teleport Other           Tloc           5%         N/A       26%         3
 Tukima's Dance           Hex            5%         N/A       26%         3
 Hailstorm                Conj/Ice       20%        3d6       26%         4
 Blade Hands              Tmut           2%         N/A       94%         5
 Dispersal                Tloc           2%         N/A       100%        6


Dungeon Overview and Level Annotations

Branches:
Dungeon (4/15)
 Temple: D:4-7

Shops:
D:2 [

Annotations:
D:4 Grinder


Innate Abilities, Weirdness & Mutations

You have an increased reservoir of magic. (+10% MP)
You shall have no god before yourself.
Your divine heritage dramatically boosts your attributes as you level up.


Message History

Unknown command.
Casting: Freeze (safe; 1% risk of failure)
Confirm with . or Enter, or press ? or * to list all spells.
Casting: Frozen Ramparts (dangerous; 2% risk of failure)
Press: ? - help, Dir - look around, f - activate The walls around you are covered in ice.
Grinder gestures at you. Pain shoots through your body!
Grinder blinks!
Grinder blinks!
The frozen ramparts melt away.
Grinder gestures at you.
You suddenly lose the ability to move!
You can move again.
Grinder says, "Are you a fish?" Grinder gestures at you.
You resist with some effort.
Casting: Frozen Ramparts (dangerous; 2% risk of failure)
Confirm with . or Enter, or press ? or * to list all spells.
Casting: Frozen Ramparts (dangerous; 2% risk of failure)
Press: ? - help, Dir - look around, f - activate The walls around you are covered in ice.
Grinder completely resists.
The wall freezes Grinder but does no damage.
Grinder misses you.
You are too injured to fight recklessly!
You barely miss Grinder.
Grinder is severely wounded.
Grinder resists.
The wall freezes Grinder.
Grinder hits you.
You writhe in agony.
* * * LOW HITPOINT WARNING * * *
You closely miss Grinder.
Grinder is severely wounded.
Grinder resists.
The wall freezes Grinder.
Grinder completely misses you.
You closely miss Grinder.
Grinder is severely wounded.
Grinder resists.
The wall freezes Grinder.
Grinder gestures at you. Pain shoots through your body!
You die...

..≈≈≈#..######.# # .####
≈≈≈≈##.## #.###. ##......
≈≈≈.##.# ##....###......
###5##.# #......#.##).#
##.).#.##.###........#...#.##
.............................
.#†..#.##.###........#†#.#.#.
.##.#............5..##...
.##.#..#..####.#@#####...#
<##.......# #.....<......#
.##.......###†.#>#####....
...............#... ...##
###.........#.##..## #..#
......#.#.##..# ...
......#.#[##..#####..##.
..... ................. ###..
###.##....$....#


You could see Grinder.

Vanquished Creatures
  A scorpion (D:4)
  A howler monkey (D:4)
  A vampire bat (D:3)
  Crazy Yiuf (D:3)
  Robin (D:4)
  4 gnolls (D:2)
  A worm (D:3)
  3 dart slugs
  3 fire bats (D:3)
  6 orcs
  3 bat skeletons (D:3)
  A bat zombie (D:3)
  3 endoplasms
  4 giant cockroaches
  26 goblins
  6 hobgoblins
  6 jackals
  3 quokkas
  4 ball pythons
  13 bats
  A bat simulacrum (D:3)
  A kobold (D:2)
  5 rats
98 creatures vanquished.

Vanquished Creatures (others)
  2 spectral bats (D:3)
2 creatures vanquished.

Grand Total: 100 creatures vanquished

Notes
Turn   | Place    | Note
-------+----------+-------------------------------------------
     0 | D:1      | Nato the Demigod Ice Elementalist began the quest for the
                  | Orb.
     0 | D:1      | Reached XP level 1. HP: 14/14 MP: 5/5
   717 | D:1      | Reached XP level 2. HP: 20/20 MP: 5/8
  1375 | D:2      | Found Padailun's Antique Armour Shoppe.
  1798 | D:2      | Reached XP level 3. HP: 23/26 MP: 7/10
  1804 | D:2      | Learned a level 3 spell: Frozen Ramparts
  1822 | D:2      | Learned a level 3 spell: Ozocubu's Armour
  2157 | D:2      | Reached XP level 4. HP: 33/33 MP: 8/12
  2687 | D:2      | Bought an embroidered robe for 66 gold pieces
  2964 | D:3      | Found a runed translucent door.
  2965 | D:3      | Noticed Crazy Yiuf
  3465 | D:3      | Reached skill level 4 in Ice Magic
  3467 | D:3      | Reached XP level 5. HP: 37/38 MP: 10/14
  3551 | D:3      | Reached skill level 5 in Ice Magic
  3923 | D:3      | Killed Crazy Yiuf
  4012 | D:4      | Noticed Grinder
  4412 | D:4      | Reached XP level 6. HP: 45/45 MP: 11/15
  4531 | D:4      | Noticed Robin
  4562 | D:4      | Killed Robin
  4702 | D:4      | Reached skill level 6 in Ice Magic
  4746 | D:4      | Paralysed by Grinder for 4 turns
  4754 | D:4      | Killed from afar by Grinder

Illustrated notes

Levels and vault maps discovered:
D:1:      eino_arrival_water_cross, layout_basic
D:2:      kennysheep_big_flooded_room, layout_basic, basic_altar, serial_shops,
          shop, nicolae_ecumenical_oubliette
D:3:      layout_loops_ring, goddamned_bats, uniq_crazy_yiuf_cottage
D:4:      kennysheep_goblin_castle, layout_loops_ring,
          nicolae_vehumet_altar_sigil, uniq_grinder, uniq_ijyb

Skill      XL: |  1  2  3  4  5  6 |
---------------+-------------------+-----
Spellcasting   | 2 3 4 |  4.0
Ice Magic      | 4 5 6 |  6.0
Dodging        | |  1.7
Stealth        | |  1.7

Action                   |  1- 3 |  4- 6 || total
-------------------------+-------+-------++-------
Melee: Unarmed           |     3 |       ||     3
       Short sword       |    11 |     5 ||    16
       Whip              |       |    56 ||    56
Throw: Javelin           |     1 |       ||     1
 Cast: Freeze            |    51 |    25 ||    76
       Frozen Ramparts   |     3 |    19 ||    22
       Ozocubu's Armour  |     1 |     2 ||     3
  Use: Scroll            |       |     1 ||     1
 Stab: Sleeping          |       |     1 ||     1
Armor: Robe              |    11 |    49 ||    60
Dodge: Dodged            |    36 |    90 ||   126

Table legend: (Time is in decaauts)
 A = Elapsed time spent in this place.
 B = Non-inter-level travel time spent in this place.
 C = Inter-level travel time spent in this place.
 D = Time resting spent in this place.
 E = Time spent auto-exploring this place.
 F = Levels seen in this place.
 G = Mean time per level.
                   A        B        C        D        E       F      G
               +--------+--------+--------+--------+--------+-----+--------+
         Total |   4759 |   4368 |    391 |    885 |   2765 |   4 | 1189.8 |
       Dungeon |   4759 |   4368 |    391 |    885 |   2765 |   4 | 1189.8 |
               +--------+--------+--------+--------+--------+-----+--------+

Top non-repeatable levels by time:
     D:2: 1615 daAuts
     D:3: 1484 daAuts
     D:1: 1115 daAuts
     D:4: 545 daAuts
